 Dungeon Sprint DCSS version 0.19.0-2-gae57169 (webtiles) character file.

928 LORDOFBUTT the Cleaver (level 7, -1/78 HPs)
             Began as a Minotaur Berserker on Nov 2, 2016.
             Was an Elder of Trog.
             Slain by a tyrant leech (29 damage)
             ... in the Dungeon (Sprint II: "The Violet Keep of Menkaure").
             The game lasted 00:01:02 (368 turns).

LORDOFBUTT the Cleaver (Minotaur Berserker)          Turns: 368, Time: 00:01:02

Health: -1/78      AC:  2    Str: 24    XL:     7   Next: 85%
Magic:  6/6        EV: 15    Int:  4    God:    Trog [****..]
Gold:   729        SH:  0    Dex:  9    Spells: 0 memorised, 6 levels left

rFire  . . .     SeeInvis .     a - +0 hand axe
rCold  . . .     Gourm    .     b - +0 animal skin
rNeg   . . .     Faith    .     (no shield)
rPois  .         Spirit   .     (helmet restricted)
rElec  .         Reflect  .     (no cloak)
rCorr  .         Harm     .     (no gloves)
MR     .....     NoTele   +     (no boots)
Stlth  +.........               (no amulet)
                                (no ring)
                                (no ring)

@: exhausted, slowed, very slow
A: retaliatory headbutt, horns 2
a: Berserk, Trog's Hand, Brothers in Arms, Burn Spellbooks, Renounce Religion


You were in the Dungeon.
You worshipped Trog.
Trog was greatly pleased with you.
You were very hungry.

You visited 1 branch You collected 729 gold pieces.

Inventory:

Hand Weapons
 a - a +0 hand axe (weapon)
Armour
 b - a +0 animal skin (worn)
Scrolls
 i - a scroll of blinking
Potions
 d - a potion of curing
 f - a potion of haste
 g - 2 potions of magic
 h - a potion of berserk rage
Comestibles
 c - a bread ration


   Skills:
 + Level 12.5 Fighting
 + Level 13.2 Axes
 + Level 6.7 Armour
 + Level 7.3 Dodging


You had 6 spell levels left.
You didn't know any spells.

Dungeon Overview and Level Annotations

Branches:
Dungeon (1/1)

Altars:


Innate Abilities, Weirdness & Mutations

You reflexively headbutt those who attack you in melee.
You have a pair of horns on your head.


Message History

You are too injured to fight recklessly!
You are too injured to fight recklessly!
You are no longer berserk.
You are exhausted.
You feel yourself slow down.
There is a staircase leading out of the dungeon here.
You feel much better. The tyrant leech closely misses you.
There is an open door here.
The tyrant leech bites you.
The tyrant leech draws strength from your injuries!
There is an open door here.
The tyrant leech bites you!
The tyrant leech draws strength from your injuries!
There is a staircase leading out of the dungeon, spattered with blood here.
There is an open door, spattered with blood here.
You see here a tyrant leech corpse.
The tyrant leech bites you but does no damage.
You see here 243 gold pieces.
The tyrant leech bites you!!
You die...

## ## ##. .##
#..#..#
####...####
#.###†###@##
##..##.##.w$#
+.##'.<.†###+
##..##.##...#
#.###'###.##
####.).# ##
#..#..# ##.
.## ## ##


You could see a tyrant leech.

Vanquished Creatures
  A siren (D)
  A tyrant leech (D)
  4 necrophages (D)
  4 worker ants (D)
10 creatures vanquished.

Vanquished Creatures (others)
  A crocodile (D)
1 creature vanquished.

Grand Total: 11 creatures vanquished

Notes
Turn   | Place    | Note
-------+----------+-------------------------------------------
     0 | D        | LORDOFBUTT the Minotaur Berserker began the quest for the Orb.
     0 | D        | Reached XP level 1. HP: 19/19 MP: 0/0
     1 | D        | Noticed a worker ant
     1 | D        | Noticed a worker ant
     1 | D        | Noticed a worker ant
     1 | D        | Noticed a worker ant
     4 | D        | Killed a worker ant
     4 | D        | Reached skill level 5 in Fighting
     4 | D        | Reached skill level 5 in Axes
     4 | D        | Reached XP level 2. HP: 14/29 MP: 1/1
     5 | D        | Reached skill level 6 in Axes
     5 | D        | Reached XP level 3. HP: 18/38 MP: 2/2
     8 | D        | Reached ** piety under Trog
     8 | D        | Reached XP level 4. HP: 21/45 MP: 3/3
    10 | D        | Reached skill level 7 in Axes
   118 | D        | Killed a crocodile
   262 | D        | Noticed a necrophage
   262 | D        | Noticed a necrophage
   262 | D        | Noticed a necrophage
   262 | D        | Noticed a necrophage
   265 | D        | Killed a necrophage
   265 | D        | Reached skill level 9 in Axes
   265 | D        | Reached XP level 5. HP: 56/56 MP: 4/4
   269 | D        | Killed a necrophage
   269 | D        | Reached skill level 10 in Axes
   269 | D        | Reached skill level 5 in Armour
   269 | D        | Reached skill level 5 in Dodging
   271 | D        | Killed a necrophage
   271 | D        | Reached *** piety under Trog
   271 | D        | Reached skill level 10 in Fighting
   271 | D        | Reached XP level 6. HP: 67/67 MP: 5/5
   273 | D        | Reached skill level 11 in Axes
   308 | D        | Noticed a siren
   318 | D        | Killed a siren
   318 | D        | Reached **** piety under Trog
   318 | D        | Reached skill level 12 in Axes
   318 | D        | Reached XP level 7. HP: 75/77 MP: 6/6
   325 | D        | Noticed a tyrant leech
   325 | D        | Noticed a tyrant leech
   334 | D        | Killed a tyrant leech
   334 | D        | Reached skill level 13 in Axes
   368 | D        | Slain by a tyrant leech

Skill      XL: |  1  2  3  4  5  6  7 |
---------------+----------------------+-----
Fighting       | 5 6 8 10 12 | 12.5
Axes           | 5 6 9 10 12 13 | 13.2
Armour         | 3 4 5 6 |  6.7
Dodging        | 3 4 5 7 |  7.3

Action                   |  1- 3 |  4- 6 |  7- 9 || total
-------------------------+-------+-------+-------++-------
Melee: Hand axe          |     5 |    20 |    20 ||    45
       Headbutt          |     2 |     7 |     2 ||    11
Invok: Berserk           |     1 |     1 |     1 ||     3
  Use: Potion            |       |       |     1 ||     1
Armor: Animal skin       |     1 |     2 |     1 ||     4
Dodge: Dodged            |     3 |     1 |     4 ||     8
